 Dungeon Crawl Stone Soup version 0.25-a0-110-ge29c8f2358 (webtiles) character file.

Game seed: 7093958360285968704, levelgen mode: deterministic

4181 RedPan the Frost Mage (level 10, 0/78 HPs)
             Began as a White Draconian Ice Elementalist on Nov 20, 2019.
             Was an Elder of Sif Muna.
             Hit by a silver boomerang thrown by an orc warrior (8 damage)
             ... on level 9 of the Dungeon.
             The game lasted 00:35:46 (10062 turns).

RedPan the Frost Mage (DrIE)                       Turns: 10062, Time: 00:35:47

Health: 0/78       AC: 10    Str: 13    XL:     10   Next: 8%
Magic:  10/22      EV: 14    Int: 22    God:    Sif Muna [****..]
Gold:   616        SH:  0    Dex: 12    Spells: 17/25 levels left

rFire    . . .     SeeInvis .   K - +0 spear (venom)
rCold    + . .     Gourm    .   (no shield)
rNeg     . . .     Faith    .   (armour unavailable)
rPois    .         Spirit   .   (helmet restricted)
rElec    .         Reflect  .   a - +0 cloak (curse)
rCorr    .         Harm     .   (no gloves)
MR       .....                  h - +1 pair of boots
Stlth    ++........             (no amulet)
HPRegen  0.23/turn              n - +4 ring of intelligence
MPRegen  0.18/turn              i - +2 ring of strength

@: no status effects
A: breathe frost, unfitting armour, cold resistance 1, cold-blooded, AC +7
a: Breathe Frost, Channel Magic, Forget Spell, Divine Exegesis, Renounce
Religion


You were on level 9 of the Dungeon.
You worshipped Sif Muna.
Sif Muna was greatly pleased with you.
You were very hungry.

You visited 2 branches of the dungeon, and saw 11 of its levels.

You collected 616 gold pieces.

Inventory:

Hand Weapons
 o - a +2 war axe of venom
 q - a +4 quarterstaff of chaos
 w - a +1 whip of electrocution
 K - a +0 spear of venom (weapon)
Armour
 a - a cursed +0 cloak (worn)
 h - a +1 pair of boots (worn)
 C - a +0 cloak of poison resistance
 F - a scarf of cloud immunity
 L - a +0 shield
Magical Staves
 g - an uncursed staff of earth
 y - an uncursed staff of poison
Jewellery
 i - a +2 ring of strength (right hand)
 m - an uncursed ring of resist corrosion
 n - a +4 ring of intelligence (left hand)
 t - an uncursed ring of fire
 z - an uncursed ring of see invisible {unknown}
 J - an uncursed amulet of the acrobat {unknown}
Wands
 k - a wand of polymorph (16)
 p - a wand of flame (16)
 B - a wand of random effects (25)
 I - a wand of paralysis (9)
Scrolls
 r - 3 scrolls of magic mapping
 u - 7 scrolls of teleportation
 D - a scroll of amnesia
Potions
 c - a potion of invisibility
 d - a potion of resistance
 e - a potion of brilliance
 f - 2 potions of curing
 l - a potion of agility
 s - a potion of flight
 v - 2 potions of ambrosia
 x - a potion of heal wounds
 A - a potion of magic {unknown}
 E - a potion of mutation {unknown}
Comestibles
 b - 9 rations


   Skills:
 - Level 4.0 Fighting
 + Level 1.1 Polearms
 + Level 4.6 Dodging
 - Level 1.7 Stealth
 + Level 8.1 Spellcasting
   Level 1.0 Conjurations
 - Level 4.0 Summonings
 + Level 9.2 Ice Magic
 + Level 6.2 Invocations


You had 17 spell levels left.
You knew the following spells:

 Your Spells              Type           Power        Failure   Level  Hunger
a - Freeze                Ice            ####         1%          1    None
b - Summon Ice Beast      Ice/Summ       #####...     4%          4    ###....
c - Ozocubu's Armour      Chrm/Ice       ####....     3%          3    None

Your spell library contained the following spells:

 Spells                   Type           Power        Failure   Level  Hunger
 Summon Small Mammal      Summ           ####         1%          1    None
 Throw Frost              Conj/Ice       ####..       1%          2    None
 Animate Skeleton         Necr           N/A          8%          1    None
 Apportation              Tloc           #.....       8%          1    None
 Confusing Touch          Hex            #.....       8%          1    None
 Throw Icicle             Conj/Ice       ####....     9%          4    ###....


Dungeon Overview and Level Annotations

Branches:
Dungeon (10/15)            Temple (0/1) D:6             Orc (1/2) D:9
   Lair: D:8-11

Altars:
Ashenzari
Elyvilon
Fedhas
Gozag
Kikubaaqudgha
Makhleb
Nemelex Xobeh
Sif Muna
Vehumet
Wu Jian
Xom
Zin

Annotations:
D:3 exclusion: goblin


Innate Abilities, Weirdness & Mutations

You can breathe waves of freezing cold.
You can buffet flying creatures when you breathe cold.
Your icy white scales are hard. (AC +7)
You cannot fit into any form of body armour.
Your flesh is cold resistant. (rC+)
You are cold-blooded and may be slowed by cold attacks.


Message History

The troll claws you! The orc warrior closely misses you.
Your ice beast barely misses the troll.
Your ice beast hits the troll but does no damage.
Unknown command.
You hit the troll but do no damage.
The troll is poisoned.
The troll is severely wounded.
The troll closely misses you. The troll claws you. The troll claws you!
* * * LOW HITPOINT WARNING * * *
The orc warrior hits you with a +0 long sword!
* * * LOW HITPOINT WARNING * * *
Your ice beast hits the troll.
Your ice beast freezes the troll!
The troll dies!
Sif Muna accepts your kill.
Your Polearms skill increases to level 1!
Your ice beast closely misses the orc warrior.
Items here: ))))) a +0 flail; a +0 giant club; a +0 halberd; a +0 giant spiked club x2
The orc warrior throws a silver boomerang.
The silver boomerang hits you!
You die...

####.#.######.##...............
#.#.######.#+#####..........
#.#.........................
#.#............###..........
#.#............# #########..
#.##...........# #..
#..............# #..
####......############## #..
#....(....)@).(........###..
##.##########o###.###.....## #.#
#8.Y.8#.+.......#. #####.#
#.%...#.##......#. #...#.#
#.[>..#.##......#. #...#.#
#.....#.##......#. #...#.#
#8...8#.##......#. #...#.#
#######.##......#.
###...#.########.......##......#.


You could see an orc warrior.

Vanquished Creatures
  Duvessa (D:5)
  2 ice beasts
  A sky beast (D:5)
  2 big kobolds (D:9)
  3 bullfrogs
  A wyvern skeleton (D:9)
  2 scorpions
  A killer bee (D:9)
  A crimson imp (D:8)
  A centaur zombie (D:10)
  2 hounds
  5 centaur skeletons
  2 jellies
  Ijyb (D:5)
  An orc wizard (D:8)
  Terence (D:2)
  2 iguanas
  9 worker ants
  3 hound skeletons
  13 adders
  4 gnolls (D:4)
  2 shadow imps
  An ooze (D:1)
  2 adder skeletons
  2 worms (D:2)
  A dart slug (D:2)
  4 leopard geckos
  12 orcs
  8 bats
  5 giant cockroaches
  4 goblins
  7 hobgoblins
  3 jackals (D:6)
  5 quokkas
  8 frilled lizards
  8 kobolds
  8 rats
  A butterfly (D:8)
139 creatures vanquished.

Vanquished Creatures (collateral kills)
  Pikel (D:5)
  A centaur skeleton (D:10)
  3 trolls (D:9)
  A hippogriff (D:9)
  2 wyverns
  2 orc warriors (D:9)
  A black bear (D:8)
  8 ogres
  A centaur (D:8)
  3 big kobolds (D:9)
  3 bullfrogs
  3 gnoll sergeants (D:9)
  Dowan (D:5)
  5 killer bees (D:9)
  3 howler monkeys (D:7)
  2 crimson imps
  4 orc wizards
  A bullfrog skeleton (D:8)
  An orc priest (D:5)
  Crazy Yiuf (D:7)
  An adder (D:7)
  5 gnolls
  An adder skeleton (D:10)
  A worm (D:4)
  A leopard gecko (D:7)
  19 orcs
75 creatures vanquished.

Vanquished Creatures (others)
  An orc warrior (Orc:1)
1 creature vanquished.

Grand Total: 215 creatures vanquished

Notes
Turn   | Place    | Note
-------+----------+-------------------------------------------
     0 | D:1      | RedPan the Draconian Ice Elementalist began the quest for
                  | the Orb.
     0 | D:1      | Reached XP level 1. HP: 14/14 MP: 3/3
   233 | D:1      | Reached XP level 2. HP: 20/20 MP: 0/5
   932 | D:1      | Reached XP level 3. HP: 21/26 MP: 0/7
  1210 | D:2      | Found an ornate altar of the Wu Jian Council.
  1635 | D:2      | Noticed Terence
  1644 | D:2      | Killed Terence
  1644 | D:2      | Reached skill level 4 in Ice Magic
  1644 | D:2      | Reached XP level 4. HP: 26/33 MP: 2/8
  1931 | D:2      | Found a white marble altar of Elyvilon.
  1958 | D:2      | Learned a level 4 spell: Summon Ice Beast
  1996 | D:2      | Found a shimmering blue altar of Sif Muna.
  2031 | D:2      | Became a worshipper of Sif Muna the Loreminder
  2282 | D:3      | Found a blossoming altar of Fedhas.
  2397 | D:3      | Reached XP level 5. HP: 33/38 MP: 2/10
  2403 | D:3      | Reached skill level 1 in Summonings
  3104 | D:4      | Reached * piety under Sif Muna
  3551 | D:4      | Found a shattered altar of Ashenzari.
  3686 | D:4      | Reached XP level 6. HP: 37/45 MP: 8/12
  3721 | D:4      | Reached skill level 5 in Ice Magic
  3729 | D:4      | Found an opulent altar of Gozag.
  4247 | D:5      | Entered Level 5 of the Dungeon
  4650 | D:5      | Noticed Ijyb
  4656 | D:5      | Killed Ijyb
  4676 | D:5      | Your scales start taking on an icy white colour.
  4676 | D:5      | Reached skill level 6 in Ice Magic
  4676 | D:5      | Reached XP level 7. HP: 28/50 MP: 9/13
  4676 | D:5      | Gained mutation: Your flesh is cold resistant. (rC+) [White
                  | Draconian growth]
  4846 | D:5      | Found a sparkling altar of Nemelex Xobeh.
  4850 | D:5      | Reached ** piety under Sif Muna
  4969 | D:5      | Found an ancient bone altar of Kikubaaqudgha.
  5007 | D:5      | Noticed Duvessa
  5113 | D:5      | Noticed Dowan
  5117 | D:5      | Killed Duvessa
  5117 | D:5      | Reached skill level 7 in Ice Magic
  5119 | D:5      | Killed Dowan
  5119 | D:5      | Reached skill level 5 in Spellcasting
  5725 | D:5      | Noticed Pikel
  5731 | D:5      | Killed Pikel
  5731 | D:5      | Reached skill level 8 in Ice Magic
  5731 | D:5      | Reached XP level 8. HP: 52/57 MP: 10/16
  6185 | D:6      | Found a staircase to the Ecumenical Temple.
  6292 | D:6      | Reached skill level 1 in Fighting
  6292 | D:6      | Reached skill level 1 in Invocations
  6916 | D:7      | Reached skill level 9 in Ice Magic
  7097 | D:7      | Found a runed translucent door.
  7097 | D:7      | Noticed Crazy Yiuf
  7164 | D:7      | Found a radiant altar of Vehumet.
  7340 | D:7      | Killed Crazy Yiuf
  7504 | D:8      | Reached XP level 9. HP: 60/70 MP: 9/19
  7508 | D:8      | Reached *** piety under Sif Muna
  7610 | D:8      | Found a shimmering altar of Xom.
  7720 | D:8      | Found a shimmering blue altar of Sif Muna.
  7887 | D:9      | Found a burning altar of Makhleb.
  7926 | D:9      | Found a glowing silver altar of Zin.
  7926 | D:9      | Noticed an angel
  7927 | D:9      | Noticed a cacodemon
  8147 | D:9      | Noticed a freezing wraith
  8147 | D:9      | Noticed a death knight
  8156 | D:9      | Noticed a two-headed ogre
  8203 | D:9      | Noticed a troll
  8217 | D:9      | Killed a troll
  8851 | D:9      | Found a staircase to the Orcish Mines.
  8851 | D:9      | Noticed a troll
  8856 | D:9      | Reached skill level 5 in Invocations
  8916 | D:9      | Killed a troll
  8942 | D:9      | Reached **** piety under Sif Muna
  9530 | D:10     | Entered Level 10 of the Dungeon
  9541 | D:10     | Reached XP level 10. HP: 69/78 MP: 14/22
  9883 | Orc:1    | Entered Level 1 of the Orcish Mines
  9890 | Orc:1    | Noticed an orc sorcerer
 10045 | D:9      | Learned a level 3 spell: Ozocubu's Armour
 10060 | D:9      | Reached skill level 1 in Polearms
 10062 | D:9      | Hit by a silver boomerang thrown by an orc warrior

Levels and vault maps discovered:
D:1:      tarquinn_simple_flora_water_e, layout_rooms
D:2:      layout_basic, old_standard_altar, old_standard_altar, led_sif_pool,
          uniq_terence
D:3:      layout_rooms, fedhas_ov_isle_minmay, minmay_goblin_outpost
D:4:      layout_loops_ring, nicolae_overflow_hidden_temple,
          evilmike_ruin_ashenzari, first_ration
D:5:      layout_basic, kennysheep_little_box,
          nemelex_xobeh_ov_fountains_minmay, uniq_duvessa, uniq_ijyb,
          uniq_menkaure, uniq_pikel
D:6:      layout_basic, minmay_temple_entry_large_hall, grunt_decor_clamped
D:7:      layout_basic, old_standard_altar, serial_glass, glass_columns_b,
          glass_columns_a, uniq_crazy_yiuf_cottage
D:8:      layout_basic, xom_butterflies, kennysheep_mini_moat
D:9:      layout_basic, grunt_temple_overflow_order_and_chaos_2,
          kennysheep_orc_monster_closet_entryway, minivault_12
D:10:     minmay_chambers_of_sevens, layout_cave_pools, basic_altar
Orc:1:    layout_diamond_mine

Skill      XL: |  1  2  3  4  5  6  7  8  9 10 |
---------------+-------------------------------+-----
Spellcasting   | 3 4 5 6 8 |  8.1
Ice Magic      | 4 6 8 9 |  9.2
Summonings     | 2 3 4 |  4.0
Fighting       | 3 4 |  4.0
Invocations    | 3 6 |  6.2
Dodging        | 4 |  4.6
Polearms       | 1 |  1.1
Stealth        | |  1.7
Conjurations   | |  1.0

Action                   |  1- 3 |  4- 6 |  7- 9 | 10-12 || total
-------------------------+-------+-------+-------+-------++-------
Melee: Unarmed           |    18 |       |       |       ||    18
       Tailslap          |     5 |    10 |    20 |     5 ||    40
       Club              |    25 |       |       |       ||    25
       Dagger            |     9 |    94 |       |       ||   103
       War axe           |       |     4 |   127 |       ||   131
       Spear             |       |       |    25 |    23 ||    48
 Cast: Freeze            |    40 |    78 |    68 |     3 ||   189
       Summon Ice Beast  |       |     7 |    47 |     8 ||    62
       Ozocubu's Armour  |       |       |       |     1 ||     1
  Use: Scroll            |     2 |     4 |    11 |       ||    17
       Potion            |       |     1 |       |       ||     1
 Stab: Sleeping          |     1 |     5 |     3 |       ||     9
       Distracted        |       |       |     3 |       ||     3
  Eat: Chunk             |     3 |    11 |    13 |     1 ||    28
       Ration            |       |       |     2 |       ||     2
Armor: Skin              |    35 |    31 |    84 |    25 ||   175
Dodge: Dodged            |    54 |   111 |   158 |    38 ||   361

Table legend:
 A = Non-vault XP
 B = Vault XP
 C = Vault XP percentage of total XP
 D = Non-vault monster count
 E = Vault monster count
 F = Vault count percentage of total count
                 A         B        C        D         E       F
            +---------+---------+-------+---------+---------+-------
      Total |    4221 |    1753 |  29.3 |     186 |      28 |  13.1
            +---------+---------+-------+---------+---------+-------
        D:1 |      44 |       0 |   0.0 |      25 |       0 |   0.0
        D:2 |      58 |      38 |  39.6 |      17 |       1 |   5.6
        D:3 |      83 |       4 |   4.6 |      19 |       2 |   9.5
        D:4 |     272 |       0 |   0.0 |      27 |       0 |   0.0
        D:5 |     531 |     618 |  53.8 |      20 |       4 |  16.7
        D:6 |     482 |       0 |   0.0 |      17 |       0 |   0.0
        D:7 |     398 |      20 |   4.8 |      16 |       1 |   5.9
        D:8 |     514 |       0 |   0.0 |      12 |       0 |   0.0
        D:9 |    1369 |    1073 |  43.9 |      26 |      20 |  43.5
       D:10 |     360 |       0 |   0.0 |       4 |       0 |   0.0
      Orc:1 |     110 |       0 |   0.0 |       3 |       0 |   0.0
            +---------+---------+-------+---------+---------+-------
